 Dungeon Crawl Stone Soup version 0.31-a0-44-g49d609d0da (webtiles) character file.

Game seed: 10555108573942044686

953 pk666 the Magician (level 7, -11/36 HPs)
             Began as a Deep Elf Fire Elementalist on May 21, 2023.
             Killed from afar by Maggie (24 damage)
             ... with a bolt of fire
             ... on level 6 of the Dungeon.
             The game lasted 00:04:41 (5593 turns).

pk666 the Magician (Deep Elf Fire Elementalist)     Turns: 5593, Time: 00:04:42

Health: -11/36     AC:  3    Str:  5    XL:     7   Next: 90%
Magic:  3/18       EV: 14    Int: 22    God:
Gold:   168        SH:  0    Dex: 15    Spells: 12/19 levels left

rFire   . . .        (no weapon)
rCold   . . .        (no shield)
rNeg    . . .        a - +0 robe
rPois   .            (no helmet)
rElec   .            (no cloak)
rCorr   .            (no gloves)
SInv    +            u - +0 pair of boots
Will    .....        (no amulet)
Stlth   ++           n - ring of see invisible
HPRegen 0.26/turn    w - ring of wizardry
MPRegen 0.16/turn

%: wizardry (x1)
@: no status effects
A: no striking features
a: no special abilities


You were on level 6 of the Dungeon.
You visited 1 branch of the dungeon, and saw 6 of its levels.

You collected 278 gold pieces.
You spent 110 gold pieces at shops.

Inventory:

Missiles
 i - a throwing net
Armour
 a - a +0 robe (worn)
 u - a +0 pair of boots (worn)
Jewellery
 n - a ring of see invisible (left hand)
 w - a ring of wizardry (right hand)
Wands
 p - a wand of charming (7)
Scrolls
 e - a scroll of summoning {unknown}
 f - a scroll of fear {unknown}
 g - a scroll of teleportation {unknown}
 j - a scroll of blinking {unknown}
 o - 3 scrolls of amnesia {unknown}
 q - 2 scrolls of enchant armour {unknown}
 r - 3 scrolls of fog {unknown}
 s - a scroll of vulnerability {unknown}
 v - a scroll of torment {unknown}
 y - a scroll of identify {unknown}
 z - a scroll of magic mapping {unknown}
 A - a scroll of enchant weapon {unknown}
Potions
 b - 5 potions of magic
 c - 2 potions of heal wounds
 d - a potion of degeneration {unknown}
 h - a potion of brilliance {unknown}
 k - 2 potions of curing
 l - 2 potions of haste {unknown}
 m - a potion of berserk rage {unknown}
 t - a potion of lignification
 x - a potion of ambrosia {unknown}


   Skills:
 + Level 5.9 Dodging
 - Level 2.4 Stealth
 + Level 6.6 Spellcasting
 + Level 4.9 Conjurations
 + Level 5.9 Fire Magic


You had 12 spell levels left.
You knew the following spells:

 Your Spells              Type           Power      Damage    Failure   Level
a - Foxfire               Conj/Fire      100%       2x1d9     1%          1
b - Scorch                Fire           66%        2d7       1%          2
c - Flame Wave            Conj/Fire      31%        2d9       3%          4

Your spell library contained the following spells:

 Spells                   Type           Power      Damage    Failure   Level
 Magic Dart               Conj           100%       1d8       1%          1
 Searing Ray              Conj           58%        2d6       1%          2
 Inner Flame              Hex/Fire       20%        N/A       3%          3
 Volatile Blastmotes      Fire/Tloc      40%        2d13      3%          3
 Fulminant Prism          Conj/Hex       9%         3d7       12%         4


Dungeon Overview and Level Annotations

Branches:
Dungeon (6/15)
 Temple: D:4-7

Altars:
Makhleb
The Shining One

Shops:
D:3 =   D:4 !

Annotations:
D:6 Maggie


Message History

There is an open door here.
You pick up a book of Conjurations and begin reading...
You add the spells Magic Dart, Searing Ray and Fulminant Prism to your library.
Maggie the Vainglorious comes into view.
She is wielding a +2 glaive of flaming.
Flames lash Maggie.
Maggie is lightly wounded.
Maggie's fire resistance burns away.
Flames lash Maggie.
Maggie is burned terribly!
Maggie is moderately wounded.
Maggie closely misses you.
Flames lash Maggie but do no damage.
Maggie barely misses you.
Flames lash Maggie.
Maggie is burned terribly!
Maggie is heavily wounded.
Maggie barely misses you.
Flames lash Maggie.
Maggie is burned terribly!
Maggie is heavily wounded.
Maggie hits you from afar with a +2 glaive of flaming!!
Ouch! That really hurt!
Maggie burns you.
You are too injured to fight recklessly!
Casting: Scorch (safe; 1% risk of failure)
Confirm with . or Enter, or press ? or * to list all spells.
Flames lash Maggie.
Maggie is burned terribly!
Maggie is severely wounded.
Maggie completely misses you.
Unknown command.
Casting: Scorch (safe; 1% risk of failure)
Confirm with . or Enter, or press ? or * to list all spells.
Flames lash Maggie.
Maggie is burned terribly!
Maggie is almost dead.
Maggie casts a spell.
Maggie attempts to bespell you! You resist with almost no effort.
Casting: Scorch (safe; 1% risk of failure)
Confirm with . or Enter, or press ? or * to list all spells.
Flames lash Maggie.
Maggie is burned terribly!
Maggie is almost dead.
Maggie casts a spell at you. The bolt of fire hits you!!
Ouch! That really hurt!
You die...

. #. #( ##+##### #.
#......# #.
#......######## #.
#......##.....#####.
#....@.##.........#.
#@#####.........#.
#....##.........##
####..#.........##
##...........'.
#######.........##
#...............##
#.......###......#
#................#
#..............#.#


You could see Maggie (combustible).

Vanquished Creatures
  Edmund (D:6)
  2 ogres
  A phantom (D:4)
  2 bullfrogs (D:6)
  2 scorpions
  A jelly (D:5)
  Jessica (D:2)
  Ijyb (D:3)
  An iguana (D:5)
  2 orc wizards
  3 gnolls (D:2)
  7 adders
  An ufetubus (D:4)
  2 worms
  2 dart slugs (D:2)
  10 orcs
  5 endoplasms
  8 giant cockroaches
  5 goblins
  7 hobgoblins
  7 jackals
  A quokka (D:1)
  3 ball pythons
  6 bats
  2 frilled lizards (D:1)
  8 kobolds
  5 rats
96 creatures vanquished.

Vanquished Creatures (collateral kills)
  2 foxfires (D:2)
2 creatures vanquished.

Vanquished Creatures (others)
  389 foxfires
389 creatures vanquished.

Grand Total: 487 creatures vanquished

Notes
Turn   | Place    | Note
-------+----------+-------------------------------------------
     0 | D:1      | pk666 the Deep Elf Fire Elementalist began the quest for
                  | the Orb.
     0 | D:1      | Reached XP level 1. HP: 10/10 MP: 6/6
   371 | D:1      | Reached XP level 2. HP: 15/15 MP: 6/8
   374 | D:1      | Learned a level 2 spell: Scorch
   545 | D:1      | Found a faded altar of an unknown god.
  1251 | D:2      | Reached XP level 3. HP: 18/19 MP: 5/10
  1497 | D:2      | Noticed Jessica
  1504 | D:2      | Killed Jessica
  1505 | D:2      | Reached skill level 4 in Spellcasting
  1505 | D:2      | Reached XP level 4. HP: 24/24 MP: 8/12
  1673 | D:2      | Learned a level 4 spell: Flame Wave
  2272 | D:3      | Found a burning altar of Makhleb.
  2357 | D:3      | Noticed Ijyb
  2365 | D:3      | Killed Ijyb
  2366 | D:3      | Reached XP level 5. HP: 25/28 MP: 3/13
  3060 | D:3      | Found Nosepsou's Jewellery Shoppe.
  3641 | D:4      | Noticed a phantom
  3649 | D:4      | Killed a phantom
  3650 | D:4      | Reached skill level 5 in Spellcasting
  3650 | D:4      | Reached XP level 6. HP: 32/32 MP: 8/15
  3930 | D:4      | Found Egoub's Distillery.
  3951 | D:4      | Bought a potion of heal wounds for 50 gold pieces
  3951 | D:4      | Bought a potion of lignification for 30 gold pieces
  3951 | D:4      | Bought a potion of curing for 30 gold pieces
  4545 | D:5      | Entered Level 5 of the Dungeon
  4558 | D:5      | Reached skill level 5 in Fire Magic
  4859 | D:5      | Reached skill level 5 in Dodging
  5069 | D:5      | Reached XP level 7. HP: 36/36 MP: 12/17
  5140 | D:6      | Reached skill level 6 in Spellcasting
  5327 | D:6      | Noticed Edmund
  5341 | D:6      | Killed Edmund
  5431 | D:6      | Found a glowing golden altar of the Shining One.
  5585 | D:6      | Noticed Maggie
  5593 | D:6      | Killed from afar by Maggie

Illustrated notes

Levels and vault maps discovered:
D:1:      dpeg_arrival_boxorama, layout_basic, hellmonk_ecumenical_altar_run_dry
D:2:      layout_rooms, serial_bayou, serial_bayou_crossing,
          serial_bayou_pond_e, serial_bayou_pond_b, serial_bayou_pond_d,
          uniq_jessica
D:3:      layout_loops_corners, lemuel_doored_altar, serial_shops, shop,
          bh_walls_and_bars, uniq_ijyb
D:4:      layout_loops_cross, serial_shops, shop
D:5:      layout_cave_pools
D:6:      layout_basic, nicolae_tso_swordbearing_angel,
          overflow_temple_1_default, uniq_edmund, uniq_maggie

Skill      XL: |  1  2  3  4  5  6  7 |
---------------+----------------------+-----
Dodging        | 3 4 5 |  5.9
Conjurations   | 2 3 4 |  4.9
Spellcasting   | 4 5 6 |  6.6
Fire Magic     | 4 5 |  5.9
Stealth        | |  2.4

Action                     |  1- 3 |  4- 6 |  7- 9 || total
---------------------------+-------+-------+-------++-------
   Cast: Foxfire           |    72 |   143 |     9 ||   224
         Scorch            |       |    23 |    19 ||    42
         Flame Wave        |       |       |     1 ||     1
 Armour: Robe              |       |     3 |       ||     3
  Dodge: Dodged            |     3 |    13 |    10 ||    26

Table legend: (Time is in decaauts)
 A = Elapsed time spent in this place.
 B = Non-inter-level travel time spent in this place.
 C = Inter-level travel time spent in this place.
 D = Time resting spent in this place.
 E = Time spent auto-exploring this place.
 F = Levels seen in this place.
 G = Mean time per level.
                   A        B        C        D        E       F      G
               +--------+--------+--------+--------+--------+-----+--------+
         Total |   5601 |   5450 |    151 |    363 |   4409 |   6 |  933.5 |
       Dungeon |   5601 |   5450 |    151 |    363 |   4409 |   6 |  933.5 |
               +--------+--------+--------+--------+--------+-----+--------+

Top non-repeatable levels by time:
     D:3: 1396 daAuts
     D:1: 1242 daAuts
     D:2: 1006 daAuts
     D:4: 909 daAuts
     D:5: 580 daAuts
     D:6: 466 daAuts
